 Dungeon Sprint DCSS version 0.26-a0-1058-g8dc6ce00ff (webtiles) character file.

Game seed: 6208853548907249388

6975 Adamkad1 the Shatterer (level 11, -22/75 HPs)
             Began as a Formicid Fighter on Dec 13, 2020.
             Was the Champion of Wu Jian.
             Killed from afar by a nagaraja (41 damage)
             ... with a bolt of poison
             ... in the Dungeon (Sprint V: "Ziggurat Sprint").
             The game lasted 00:04:59 (969 turns).

Adamkad1 the Shatterer (Formicid Fighter)            Turns: 969, Time: 00:05:00

Health: -22/75     AC: 26    Str: 29    XL:     11   Next: 28%
Magic:  11/11      EV: -3    Int:  9    God:    Wu Jian [******]
Gold:   0          SH: 28    Dex: 14    Spells: 10/10 levels left

rFire    + . .     SeeInvis +   B - +10 dark maul {vorpal}
rCold    . . .     Faith    .   D - +18 shield of the Gong {rElec rN+ Will+ EV-5}
rNeg     + . .     Spirit   .   C - +15 Maxwell's patent armour {-Cast -Tele rElec Will+ rCorr}
rPois    .         Reflect  .   (helmet unavailable)
rElec    +         Harm     .   (no cloak)
rCorr    +         Rampage  .   (no gloves)
Will     +++..     NoCast   +   (no boots)
Stlth    ..........             a - amulet of the acrobat
HPRegen  0.22/turn              z - +6 ring of strength
MPRegen  0.12/turn              v - +6 ring of dexterity

@: lethally poisoned (-22 -> -74), heavenly storm, glowing, constricted
A: permanent stasis, dig shafts and tunnels, four strong arms, antennae 3,
clumsy 1, deterioration 1, fire resistance 1
a: Dig, Wall Jump, Serpent's Lash, Heavenly Storm, Renounce Religion


You were in the Dungeon.
You worshipped Wu Jian.
Wu Jian was exalted by your worship.
You visited 1 branch

Inventory:

Hand Weapons
 B - the +10 dark maul (weapon) {vorpal}
   (You found it in the Dungeon)

   It inflicts extra damage upon your enemies.
Armour
 C - the +15 Maxwell's patent armour (worn) {-Cast -Tele rElec Will+ rCorr}
   (You found it in the Dungeon)

   It insulates you from electricity.
   It affects your willpower, your defense against some magical effects.
   It prevents spellcasting.
   It prevents most forms of teleportation.
   It provides partial protection from all sources of acid and corrosion.
 D - the +18 shield of the Gong (worn) {rElec rN+ Will+ EV-5}
   (You found it in the Dungeon)

   It affects your evasion (-5).
   It insulates you from electricity.
   It protects you from negative energy.
   It affects your willpower, your defense against some magical effects.
Jewellery
 a - an amulet of the acrobat (around neck)
 c - the ring of Cebog {Will+ SInv}
   (You found it in the Dungeon)

   [ring of see invisible]

   It affects your willpower, your defense against some magical effects.
   It lets you see invisible.
 k - an uncursed ring of protection from cold
 u - an uncursed ring of flight
 v - a +6 ring of dexterity (right hand)
 w - a +6 ring of dexterity
 x - a +6 ring of intelligence
 y - a +6 ring of intelligence
 z - a +6 ring of strength (left hand)
 A - a +6 ring of strength
 E - an uncursed ring of magical power
Wands
 b - a wand of digging (4)
 r - a wand of disintegration (7)
 s - a wand of iceblast (7)
 t - a wand of acid (7)
Scrolls
 l - 4 scrolls of amnesia
 m - 7 scrolls of fog
 n - a scroll of holy word
 o - 5 scrolls of identify
 p - 5 scrolls of remove curse
 q - 2 scrolls of fear
Potions
 d - 7 potions of might
 e - 10 potions of curing
 f - 9 potions of heal wounds
 g - 7 potions of magic
 h - 2 potions of brilliance
 i - 2 potions of invisibility
 j - 4 potions of resistance


   Skills:
 - Level 3.2 Fighting
 * Level 23.2 Maces & Flails
 - Level 3.2 Armour
 - Level 3.6 Shields


You had 10 spell levels left.
You didn't know any spells.
Your spell library contained the following spells:

 Spells                   Type           Power        Failure   Level
 Magic Dart               Conj           #...         100%        1
 Call Imp                 Summ           #.......     100%        2
 Slow                     Hex            #.......     100%        2
 Conjure Flame            Conj/Fire      #.......     100%        3
 Mephitic Cloud           Conj/Pois/Air  #.......     100%        3
 Blink                    Tloc           Unusable     N/A         2

Dungeon Overview and Level Annotations

Branches:
Dungeon (1/1)

Altars:
Ashenzari
Cheibriados
Dithmenos
Elyvilon
Fedhas
Gozag
Hepliaklqana
Kikubaaqudgha
Makhleb
Nemelex Xobeh
Okawaru
Qazlal
Ru
Sif Muna
Trog
Uskayaw
Vehumet
Wu Jian
Xom
Yredelemnul
Zin
The Shining One
Beogh
Jiyva
Lugonu


Innate Abilities, Weirdness & Mutations

You cannot be hasted, slowed, berserked, paralysed or teleported.
You can dig through walls and to a lower floor.
Your four strong arms can wield two-handed weapons with a shield.
You have a pair of large antennae on your head. (SInv)
You are clumsy. (Dex -2)
Your body sometimes deteriorates upon taking damage.
Your flesh is heat resistant. (rF+)


Message History

The ball python bites you but does no damage.
The ball python constricts you. The guardian serpent hits you.
* * * LOW HITPOINT WARNING * * *
You feel much better.
* * * LOW HITPOINT WARNING * * *
You feel very sick.
You block the guardian serpent's attack.
GONNNNG!
You block the black mamba's attack.
GONNNNG!
The guardian serpent hits you but does no damage.
You block the naga's attack.
GONNNNG!
The ball python bites you but does no damage.
The ball python constricts you.
The nagaraja gestures at you while chanting.
The bolt of poison hits you!!!
You are more poisoned.
Ouch! That really hurt!
You die...

▓....©....▓...©...▓
▓▓▓▓▓▓▓▓▓▓▓▓▓▓▓▓▓▓▓▓
▓...8©8...▓..§8☼8☼..▓
▓..):::...▓..☼☼§§§..▓
▓..))}}}..▓°.☼§§§☼..▓
▓......N..▓°§§☼☼§§..▓
▓.....☼§N☼▓§☼☼☼§§§..▓
▓..§☼§§SSS▓§☼§§§§☼..▓
.☼☼§§S@N▓☼§☼§§§§..▓
§☼.§NSS▓.▓.....▓.▓
§○§§§▓§▓....©....▓
§☼☼☼☼§.▓▓▓▓▓▓▓▓▓▓▓
▓▓▓▓▓▓▓▓


{{{{{{{{ {{{{{{{{{ {{{{{{{{{{{{{{{{{{ {{{{{{{{{{{{{{{{{{ You could see a
nagaraja, 2 guardian serpents, a black mamba, a naga mage, a water moccasin, a
naga, an adder and a ball python.

Vanquished Creatures
  A thrashing horror (D)
  5 spriggans (D)
  A spriggan druid (D)
  2 ugly things (D)
  2 draconians (D)
  A salamander (shapeshifter) (D)
  A guardian mummy (D)
  A large abomination (D)
  2 hornets (D)
  Sigmund (D)
  An ushabti (D)
  3 neqoxecs (D)
  2 small abominations (D)
  2 orc warriors (D)
  An ice beast (shapeshifter) (D)
  3 wolves (D)
  Blork the orc (D)
  3 crimson imps (D)
  An orc priest (D)
  3 jellies (D)
  5 orc wizards (D)
  Crazy Yiuf (D)
  2 iron imps (D)
  Jessica (D)
  3 mummies (D)
  A shadow imp (D)
  2 white imps (D)
  An ooze (D)
  2 orcs (D)
  A ball python (D)
  A quokka zombie (D)
57 creatures vanquished.

Notes
Turn   | Place    | Note
-------+----------+-------------------------------------------
     0 | D        | Adamkad1 the Formicid Fighter began the quest for the Orb.
     0 | D        | Reached XP level 1. HP: 18/18 MP: 1/1
     0 | D        | Found a shimmering blue altar of Sif Muna.
     0 | D        | Found a bloodstained altar of Trog.
     0 | D        | Found a sacrificial altar of Ru.
     0 | D        | Found a stormy altar of Qazlal.
     0 | D        | Found an iron altar of Okawaru.
     2 | D        | Found a sparkling altar of Nemelex Xobeh.
     3 | D        | Found the +6 Majin-Bo {vamp, MP+6 Int+6}
     3 | D        | Found the +9 heavy crossbow "Sniper" {vorpal, Acc+∞ SInv}
     3 | D        | Found the +10 dark maul {vorpal}
     3 | D        | Found the +15 Maxwell's patent armour {-Cast -Tele rElec
                  | Will+ rCorr}
     3 | D        | Found the +18 shield of the Gong {rElec rN+ Will+ EV-5}
     3 | D        | Found the cursed +14 obsidian axe {vorpal, +Fly SInv
                  | *Curse}
     3 | D        | Found the +7 great mace "Firestarter" {inner flame, rF++}
     3 | D        | Found the +6 shillelagh "Devastator" {shatter}
     3 | D        | Found the +11 plutonium sword {*Contam Stlth-}
     3 | D        | Found the +8 lance "Wyrmbane" {slay drac, rPois rF+ rC+
                  | AC+3}
     3 | D        | Found the +9 sword of Zonguldrok {reap}
     3 | D        | Found the cursed +13 scythe of Curses {drain, *Curse}
     3 | D        | Found the +0 sword of Power
     3 | D        | Found the +7 mace of Variability {chain chaos}
     3 | D        | Found the +7 Singing Sword {vorpal, sonic wave}
     3 | D        | Found the +8 storm bow {elec, penet}
     3 | D        | Found a blossoming altar of Fedhas.
     4 | D        | Banished a spatial maelstrom
     5 | D        | Found a transporter.
     5 | D        | Found an ancient bone altar of Kikubaaqudgha.
     5 | D        | Found a viscous altar of Jiyva.
     5 | D        | Found a corrupted altar of Lugonu.
     5 | D        | Found a hazy altar of Hepliaklqana.
     5 | D        | Found a burning altar of Makhleb.
     5 | D        | Found an opulent altar of Gozag.
    78 | D        | Became a worshipper of the Wu Jian Council
    80 | D        | Reached skill level 7 in Maces & Flails
    80 | D        | Reached XP level 2. HP: 24/24 MP: 2/2
    96 | D        | Entered arena 2.
    96 | D        | Noticed a draconian
    96 | D        | Noticed a draconian
    96 | D        | Found a transporter.
   100 | D        | Killed a draconian
   101 | D        | Reached skill level 14 in Maces & Flails
   101 | D        | Reached XP level 3. HP: 28/29 MP: 3/3
   101 | D        | Reached XP level 4. HP: 34/35 MP: 4/4
   101 | D        | Reached XP level 5. HP: 40/41 MP: 5/5
   101 | D        | Reached XP level 6. HP: 46/47 MP: 6/6
   101 | D        | Reached XP level 7. HP: 51/52 MP: 7/7
   101 | D        | Killed a draconian
   102 | D        | Reached skill level 15 in Maces & Flails
   102 | D        | Reached XP level 8. HP: 54/58 MP: 8/8
   208 | D        | Entered arena 3.
   208 | D        | Found a transporter.
   215 | D        | Reached * piety under Wu Jian
   216 | D        | Reached skill level 16 in Maces & Flails
   241 | D        | Entered arena 4.
   241 | D        | Noticed Sigmund
   241 | D        | Noticed Jessica
   241 | D        | Noticed Blork the orc
   241 | D        | Noticed Crazy Yiuf
   241 | D        | Found a transporter.
   244 | D        | Killed Crazy Yiuf
   244 | D        | Reached ** piety under Wu Jian
   247 | D        | Killed Blork the orc
   251 | D        | Killed Jessica
   253 | D        | Killed Sigmund
   335 | D        | Entered arena 5.
   335 | D        | Found a transporter.
   338 | D        | Reached skill level 17 in Maces & Flails
   338 | D        | Reached *** piety under Wu Jian
   350 | D        | Entered arena 6.
   350 | D        | Found a transporter.
   351 | D        | Identified the cursed +3 scimitar "Opaxt" {vorpal, rPois
                  | Str+3 Dex+3}
   352 | D        | Reached **** piety under Wu Jian
   356 | D        | Reached XP level 9. HP: 64/64 MP: 9/9
   466 | D        | Entered arena 7.
   466 | D        | Noticed a white ugly thing
   466 | D        | Noticed a salamander
   466 | D        | Noticed a green ugly thing
   467 | D        | Found a transporter.
   469 | D        | Reached skill level 18 in Maces & Flails
   469 | D        | Killed a salamander
   469 | D        | Reached ***** piety under Wu Jian
   474 | D        | Killed a white ugly thing
   474 | D        | Gained mutation: You are clumsy. (Dex -2) [a neqoxec]
   474 | D        | Gained mutation: Your body sometimes deteriorates upon
                  | taking damage. [a neqoxec]
   475 | D        | Reached skill level 19 in Maces & Flails
   475 | D        | Gained mutation: Your flesh is heat resistant. (rF+) [a
                  | neqoxec]
   477 | D        | Killed a green ugly thing
   478 | D        | Reached skill level 20 in Maces & Flails
   478 | D        | Reached XP level 10. HP: 38/70 MP: 10/10
   733 | D        | Got the ring of Cebog {Will+ SInv}
   738 | D        | Entered arena 8.
   739 | D        | Found a transporter.
   761 | D        | Entered arena 9.
   762 | D        | Found a transporter.
   764 | D        | Reached ****** piety under Wu Jian
   796 | D        | Entered arena 10.
   796 | D        | Noticed a spriggan rider
   796 | D        | Noticed a spriggan rider
   796 | D        | Noticed a spriggan druid
   797 | D        | Found a transporter.
   798 | D        | Killed a spriggan rider
   798 | D        | Reached skill level 21 in Maces & Flails
   800 | D        | Killed a spriggan druid
   801 | D        | Reached skill level 22 in Maces & Flails
   804 | D        | Reached XP level 11. HP: 75/75 MP: 11/11
   936 | D        | Entered arena 11.
   936 | D        | Noticed a thrashing horror
   937 | D        | Found a transporter.
   939 | D        | Killed a thrashing horror
   946 | D        | Reached skill level 23 in Maces & Flails
   962 | D        | Entered arena 12.
   963 | D        | Noticed a nagaraja
   964 | D        | Found a transporter.
   969 | D        | Killed from afar by a nagaraja

Illustrated notes

Levels and vault maps discovered:
D:        sprint_v [room_start, room_1, room_2, room_3, room_4, room_5, room_6,
          room_7, room_8, room_9, room_10, room_11, room_12, room_13, room_14,
          room_15, room_16, room_17, room_18, room_19, room_20, room_21,
          room_22, room_23, room_24, room_25, room_26, room_27]

Skill      XL: |  1  2  3  4  5  6  7  8  9 10 11 |
---------------+----------------------------------+-----
Maces & Flails | 7 14 15 17 20 22 23 | 23.2
Fighting       | |  3.2
Armour         | |  3.2
Shields        | |  3.6

Action                   |  1- 3 |  4- 6 |  7- 9 | 10-12 || total
-------------------------+-------+-------+-------+-------++-------
Melee: Maul              |     3 |       |    35 |    43 ||    81
Invok: Lunge             |     1 |       |     1 |     1 ||     3
       Whirlwind         |       |       |    12 |    29 ||    41
       Serpent's Lash    |       |       |     1 |     3 ||     4
       Heavenly Storm    |       |       |       |     2 ||     2
  Use: Potion            |     1 |       |       |     1 ||     2
Armor: Plate armour      |     3 |       |    20 |    21 ||    44
Dodge: Dodged            |       |       |     2 |     7 ||     9
Block: Kite shield       |     5 |       |    62 |    67 ||   134

Table legend: (Time is in decaauts)
 A = Elapsed time spent in this place.
 B = Non-inter-level travel time spent in this place.
 C = Inter-level travel time spent in this place.
 D = Time resting spent in this place.
 E = Time spent auto-exploring this place.
 F = Levels seen in this place.
 G = Mean time per level.
                   A        B        C        D        E       F      G
               +--------+--------+--------+--------+--------+-----+--------+
         Total |   1009 |   1009 |      0 |    625 |      0 |   1 | 1009.0 |
       Dungeon |   1009 |   1009 |      0 |    625 |      0 |   1 | 1009.0 |
               +--------+--------+--------+--------+--------+-----+--------+

Top non-repeatable levels by time:
       D: 1009 daAuts
